 Dungeon Crawl Stone Soup version 0.29.1-13-g9f3cf754e1 (webtiles) character file.

Game seed: 3423804433107063749

144 Anriel the Insei (level 5, -5/63 HPs)
             Began as a Human Monk on Feb 10, 2023.
             Slain by a gnoll
             ... wielding a +0 flail
              (12 damage)
             ... on level 2 of the Dungeon.
             The game lasted 00:12:36 (3203 turns).

Anriel the Insei (Human Monk)                       Turns: 3203, Time: 00:12:37

Health: -5/63      AC:  3    Str: 11    XL:     5   Next: 51%
Magic:  5/5        EV: 13    Int: 11    God:
Gold:   104        SH:  0    Dex: 17    Spells: 4/4 levels left

rFire   . . .      SeeInvis .     - Unarmed
rCold   . . .      Faith    .   (no shield)
rNeg    + . .      Spirit   .   e - +0 robe
rPois   .          Reflect  .   (no helmet)
rElec   .          Harm     .   (no cloak)
rCorr   .          Rampage  .   (no gloves)
Will    .....                   d - +0 pair of boots
Stlth   ..........              (no amulet)
HPRegen 0.20/turn               n - ring of positive energy
MPRegen 0.09/turn               (no ring)

@: berserking, very quick
A: no striking features
a: no special abilities


You were on level 2 of the Dungeon.
You visited 1 branch of the dungeon, and saw 3 of its levels.

You collected 104 gold pieces.

Inventory:

Missiles
 g - a boomerang (quivered)
 h - 25 stones
Armour
 a - a +0 leather armour
 d - a +0 pair of boots (worn)
 e - a +0 robe (worn)
Jewellery
 n - a ring of positive energy (left hand)
Wands
 l - a wand of digging (8)
 p - a wand of roots (9)
Scrolls
 b - a scroll of teleportation {unknown}
 c - 2 scrolls of identify {unknown}
 f - a scroll of magic mapping {unknown}
 j - 3 scrolls of enchant weapon {unknown}
 k - a scroll of enchant armour {unknown}
 m - 2 scrolls of poison {unknown}
 o - a scroll of brand weapon {unknown}


   Skills:
 - Level 4.0 Fighting
 + Level 3.6 Dodging
 - Level 2.0 Stealth
 + Level 4.5 Unarmed Combat


You had 4 spell levels left.
You didn't know any spells.
Your spell library was empty.

Dungeon Overview and Level Annotations

Branches:
Dungeon (3/15)

Altars:

Annotations:
D:3 Grinder


Message History

The gnoll hits you with a +0 flail!
* * * LOW HITPOINT WARNING * * *
You hit the gnoll.
You kill the gnoll!
Things that are here:
a +0 flail; a gnoll corpse; a dart slug corpse You start resting.
HP restored.
There is a stone staircase leading down, spattered with blood here.
You climb downwards.
Level annotation: Grinder The gnoll throws a throwing net.
The throwing net closely misses you. The gnoll hits you with a +0 flail. x2
There is a stone staircase leading up here.
The gnoll hits you with a +0 flail.
You climb upwards.
There is a stone staircase leading down, spattered with blood here.
You barely miss the gnoll. The gnoll hits you with a +0 flail!
You hit the gnoll.
The gnoll is moderately wounded.
The gnoll closely misses you.
You barely miss the gnoll.
The gnoll is moderately wounded.
The gnoll barely misses you.
You barely miss the gnoll.
The gnoll is moderately wounded.
The gnoll hits you with a +0 flail.
You hit the gnoll.
The gnoll is heavily wounded.
You hit the gnoll.
The gnoll is severely wounded.
The gnoll hits you with a +0 flail.
You closely miss the gnoll.
The gnoll is severely wounded.
The gnoll hits you with a +0 flail!
* * * LOW HITPOINT WARNING * * *
A red film seems to cover your vision as you go berserk!
You feel yourself moving faster!
You feel mighty! The gnoll hits you with a +0 flail!
You die...

#.# #.....# #.# ###.### # #.# #.#
######.######## #.#
..............# #.#
.##.#########.# #.############
.##.#########.# #.............
.##.##........#########.###.####.
.##.##.#####...g@)......# #......
.##.##.# ##.#########.###.####.
###.##.######.### ##...## #.
.........##.....# ###########.
....##.#.##.###.######.........#.
.#####.#....# #.......#.####.....
.# #.#.##.###.####.###.###.###.
.# #..............## ##....# #.
.# #.....##.#.####.###.###.###.


You could see a gnoll.

Vanquished Creatures
  Natasha (thrice) (D:2)
  A gnoll (D:2)
  An adder (D:2)
  A dart slug (D:2)
  6 ball pythons
  7 bats
  2 endoplasms (D:1)
  3 giant cockroaches
  8 goblins (D:1)
  7 hobgoblins
  2 quokkas
  3 frilled lizards (D:1)
  2 kobolds
  3 rats (D:1)
49 creatures vanquished.

Vanquished Creatures (others)
  8 fungi (D:1)
8 creatures vanquished.

Grand Total: 57 creatures vanquished

Notes
Turn   | Place    | Note
-------+----------+-------------------------------------------
     0 | D:1      | Anriel the Human Monk began the quest for the Orb.
     0 | D:1      | Reached XP level 1. HP: 18/18 MP: 1/1
   314 | D:1      | Reached XP level 2. HP: 18/24 MP: 2/2
   689 | D:1      | Reached XP level 3. HP: 13/29 MP: 3/3
  1549 | D:2      | Noticed Natasha
  1568 | D:2      | Killed Natasha
  1569 | D:2      | Reached XP level 4. HP: 19/37 MP: 4/4
  1584 | D:2      | Noticed Natasha
  2064 | D:2      | Killed Natasha
  2065 | D:2      | Reached XP level 5. HP: 7/42 MP: 5/5
  2767 | D:2      | Noticed Natasha
  2773 | D:2      | Killed Natasha
  2840 | D:3      | Noticed Grinder
  3203 | D:2      | Slain by a gnoll

Illustrated notes

Levels and vault maps discovered:
D:1:      scummos_arrival_checkerplants, layout_basic, minivault_11,
          minmay_bisected
D:2:      layout_loops_ring, uniq_natasha
D:3:      layout_loops_ring, uniq_grinder

Skill      XL: |  1  2  3 |
---------------+----------+-----
Fighting       | 4 |  4.0
Unarmed Combat | 4 |  4.5
Dodging        | |  3.6
Stealth        | |  2.0

Action                   |  1- 3 |  4- 6 || total
-------------------------+-------+-------++-------
Melee: Unarmed           |   144 |    59 ||   203
       Punch             |     1 |     2 ||     3
Throw: Stone             |     4 |       ||     4
       Boomerang         |     2 |    18 ||    20
Evoke: Wand              |       |     1 ||     1
  Use: Potion            |     1 |     2 ||     3
 Stab: Sleeping          |     3 |     1 ||     4
       Distracted        |       |     1 ||     1
Armor: Robe              |    36 |     8 ||    44
Dodge: Dodged            |    86 |    22 ||   108
